| TOP OF THE 1ST |
|
Syracuse Chiefs batting - Pitching for Indianapolis Indians : RHP Antonio Alvarez
|
|
Pitching: RHP Antonio Alvarez
|
|
|
Batting: RHB Dusty Ballard
|
0-0: Ball 1-0: Called Strike 1-1: Swinging Strike 1-2: Ball 2-2: Ball 3-2: Strikes out swinging, 2-3 out at first.
|
|
Batting: RHB Hisayuki Akiyama
|
0-0: Ball 1-0: Ball 2-0: Called Strike 2-1: Ball 3-1: Base on Balls
|
|
Batting: LHB Tim Olsen
|
0-0: Ball Hisayuki Akiyama steals 2nd base 1-0: Called Strike 1-1: Foul Ball, location: 2F 1-2: Fly out, F8 (Flyball, 8LD, EV 103.1 MPH)
|
|
Batting: LHB Jae-ik Soung
|
0-0: Called Strike 0-1: Ball 1-1: Ball 2-1: Ground out 6-3 (Groundball, 6M, EV 93.1 MPH)
|
| Top of the 1st over - 0 runs, 0 hits, 0 errors, 1 left on base; Syracuse 0 - Indianapolis 0 |
| BOTTOM OF THE 1ST |
|
Indianapolis Indians batting - Pitching for Syracuse Chiefs : RHP Travis Hardin
|
|
Pitching: RHP Travis Hardin
|
|
|
Batting: LHB Edwin Aguilar
|
0-0: Ball 1-0: Foul Ball, location: 2F 1-1: Foul Ball, location: 2F 1-2: Ball 2-2: Strikes out swinging, 2-3 out at first.
|
|
Batting: RHB Bubba Tierney
|
0-0: Ground out 1-3 (Groundball, 13S, EV 71.2 MPH)
|
|
Batting: LHB Alberto Figueroa
|
0-0: Foul Ball, location: 2F 0-1: Called Strike 0-2: Strikes out swinging
|
| Bottom of the 1st over - 0 runs, 0 hits, 0 errors, 0 left on base; Syracuse 0 - Indianapolis 0 |
| TOP OF THE 2ND |
|
Syracuse Chiefs batting - Pitching for Indianapolis Indians : RHP Antonio Alvarez
|
|
Batting: RHB Antonio Laurel
|
0-0: Foul Ball, location: 2F 0-1: Foul Ball, location: 2F 0-2: Strikes out swinging
|
|
Batting: LHB Alexis Cantu
|
0-0: Foul Ball, location: 2F 0-1: Ball 1-1: Called Strike 1-2: Ball 2-2: Strikes out swinging
|
|
Batting: LHB Kevin Kantor
|
0-0: Ball 1-0: Swinging Strike 1-1: Fly out, F5 (Popup, 5F, EV 76.2 MPH)
|
| Top of the 2nd over - 0 runs, 0 hits, 0 errors, 0 left on base; Syracuse 0 - Indianapolis 0 |
| BOTTOM OF THE 2ND |
|
Indianapolis Indians batting - Pitching for Syracuse Chiefs : RHP Travis Hardin
|
|
Batting: RHB Alain Marquet
|
0-0: Ball 1-0: Ball 2-0: Ball 3-0: Called Strike 3-1: Called Strike 3-2: Strikes out swinging
|
|
Batting: LHB Phil DeCamp
|
0-0: Ball 1-0: Called Strike 1-1: Called Strike 1-2: Foul Ball, location: 2F 1-2: Ball 2-2: Strikes out swinging
|
|
Batting: RHB Chris Pozzi
|
0-0: Called Strike 0-1: Ball 1-1: Foul Ball, location: 2F 1-2: Ball 2-2: Fly out, F8 (Flyball, 8LD, EV 89.4 MPH)
|
| Bottom of the 2nd over - 0 runs, 0 hits, 0 errors, 0 left on base; Syracuse 0 - Indianapolis 0 |
| TOP OF THE 3RD |
|
Syracuse Chiefs batting - Pitching for Indianapolis Indians : RHP Antonio Alvarez
|
|
Batting: RHB Stephen Charbonneau
|
0-0: Fly out, F4 (Popup, 34S, EV 73.8 MPH)
|
|
Batting: RHB Justin Davenport
|
0-0: Ball 1-0: Called Strike 1-1: Swinging Strike 1-2: Foul Ball, location: 2F 1-2: Ball 2-2: SOLO HOME RUN (Flyball, 78XD, EV 109.4 MPH), Distance : 428 ft
|
|
Batting: RHB Dusty Ballard
|
0-0: Ball 1-0: Called Strike 1-1: Ball 2-1: Foul Ball, location: 2F 2-2: Ground out 6-3 (Groundball, 6, EV 92.5 MPH)
|
|
Batting: RHB Hisayuki Akiyama
|
0-0: SINGLE (Flyball, 5D, EV 82.5 MPH)
|
|
Batting: LHB Tim Olsen
|
0-0: Called Strike Hisayuki Akiyama steals 2nd, throwing error, E2 Hisayuki Akiyama to third 0-1: Called Strike 0-2: Ground out 6-3 (Groundball, 4M, EV 101.9 MPH)
|
| Top of the 3rd over - 1 run, 2 hits, 1 error, 1 left on base; Syracuse 1 - Indianapolis 0 |
| BOTTOM OF THE 3RD |
|
Indianapolis Indians batting - Pitching for Syracuse Chiefs : RHP Travis Hardin
|
|
Batting: LHB Jorge Quintana
|
0-0: Ground out U3 (Groundball, 13, EV 88.8 MPH)
|
|
Batting: RHB Richard Barrios
|
0-0: Called Strike 0-1: Foul Ball, location: 2F 0-2: Ground out 6-3 (Groundball, 6, EV 85.0 MPH)
|
|
Batting: RHB Nick Wicker
|
0-0: Ball 1-0: Called Strike 1-1: Called Strike 1-2: Ball 2-2: Ground out 5-3 (Groundball, 5S, EV 79.4 MPH)
|
| Bottom of the 3rd over - 0 runs, 0 hits, 0 errors, 0 left on base; Syracuse 1 - Indianapolis 0 |
| TOP OF THE 4TH |
|
Syracuse Chiefs batting - Pitching for Indianapolis Indians : RHP Antonio Alvarez
|
|
Batting: LHB Jae-ik Soung
|
0-0: Foul Ball, location: 2F 0-1: Ball 1-1: Ball 2-1: Foul Ball, location: 2F 2-2: Foul Ball, location: 2F 2-2: Ball 3-2: Base on Balls
|
|
Batting: RHB Antonio Laurel
|
0-0: Called Strike 0-1: Swinging Strike 0-2: Ball 1-2: Strikes out swinging
|
|
Batting: LHB Alexis Cantu
|
0-0: Ball 1-0: Ball 2-0: Ball Wild Pitch! Jae-ik Soung to second 3-0: Ground out U3 (Groundball, 34, EV 102.5 MPH) Jae-ik Soung to third
|
|
Batting: LHB Kevin Kantor
|
0-0: Ball 1-0: Foul Ball, location: 2F 1-1: Ball 2-1: Foul Ball, location: 2F 2-2: Ball 3-2: Base on Balls
|
|
Batting: RHB Stephen Charbonneau
|
0-0: Called Strike 0-1: Called Strike 0-2: Strikes out swinging
|
| Top of the 4th over - 0 runs, 0 hits, 0 errors, 2 left on base; Syracuse 1 - Indianapolis 0 |
| BOTTOM OF THE 4TH |
|
Indianapolis Indians batting - Pitching for Syracuse Chiefs : RHP Travis Hardin
|
|
Batting: LHB Edwin Aguilar
|
0-0: Called Strike 0-1: Foul Ball, location: 2F 0-2: Ball 1-2: Foul Ball, location: 2F 1-2: Ball 2-2: Foul Ball, location: 2F 2-2: Ground out 5-3 (Groundball, 5, EV 103.8 MPH)
|
|
Batting: RHB Bubba Tierney
|
0-0: Ball 1-0: Swinging Strike 1-1: Called Strike 1-2: Ball 2-2: Foul Ball, location: 2F 2-2: Ball 3-2: Fly out, F7 (Flyball, 78M, EV 91.2 MPH)
|
|
Batting: LHB Alberto Figueroa
|
0-0: Foul Ball, location: 2F 0-1: Ball 1-1: Ball 2-1: Foul Ball, location: 2F 2-2: Foul Ball, location: 2F 2-2: SINGLE (Groundball, 34D, EV 95.0 MPH)
|
|
Batting: RHB Alain Marquet
|
0-0: Foul Ball, location: 2F 0-1: Ball Alberto Figueroa steals 2nd base 1-1: SINGLE (Groundball, 56D, EV 95.0 MPH) Alberto Figueroa to third Runner from 3rd tries for Home, SAFE, throw by LF to home Alain Marquet to second
|
|
Batting: LHB Phil DeCamp
|
0-0: Ball 1-0: Fly out, F8 (Flyball, 8LM, EV 96.2 MPH)
|
| Bottom of the 4th over - 1 run, 2 hits, 0 errors, 1 left on base; Syracuse 1 - Indianapolis 1 |
| TOP OF THE 5TH |
|
Syracuse Chiefs batting - Pitching for Indianapolis Indians : RHP Antonio Alvarez
|
|
Batting: RHB Justin Davenport
|
0-0: Foul Ball, location: 2F 0-1: Swinging Strike 0-2: Ball 1-2: Foul Ball, location: 2F 1-2: Ball 2-2: Foul Ball, location: 2F 2-2: Foul Ball, location: 2F 2-2: Strikes out swinging
|
|
Batting: RHB Dusty Ballard
|
0-0: DOUBLE (Line Drive, 3D, EV 95.6 MPH)
|
|
Batting: RHB Hisayuki Akiyama
|
0-0: Swinging Strike 0-1: DOUBLE (Line Drive, 7LS, EV 88.1 MPH) Dusty Ballard scores
|
|
Batting: LHB Tim Olsen
|
0-0: Ball 1-0: Ball 2-0: 2-RUN HOME RUN (Flyball, 9LD, EV 101.2 MPH), Distance : 396 ft
|
|
Batting: LHB Jae-ik Soung
|
0-0: Called Strike 0-1: Foul Ball, location: 2F 0-2: Foul Ball, location: 2F 0-2: Ball 1-2: Strikes out swinging
|
|
Batting: RHB Antonio Laurel
|
0-0: Fly out, F8 (Flyball, 8LS, EV 94.4 MPH)
|
| Top of the 5th over - 3 runs, 3 hits, 0 errors, 0 left on base; Syracuse 4 - Indianapolis 1 |
| BOTTOM OF THE 5TH |
|
Indianapolis Indians batting - Pitching for Syracuse Chiefs : RHP Travis Hardin
|
|
Batting: RHB Chris Pozzi
|
0-0: Called Strike 0-1: Fly out, F6 (Popup, 6M, EV 66.9 MPH)
|
|
Batting: LHB Jorge Quintana
|
0-0: Called Strike 0-1: Ball 1-1: Ground out 5-3 (Groundball, 56, EV 86.2 MPH)
|
|
Batting: RHB Richard Barrios
|
0-0: Ball 1-0: Foul Ball, location: 2F 1-1: Ball 2-1: Called Strike 2-2: Ball 3-2: Foul Ball, location: 2F 3-2: DOUBLE (Line Drive, 78M, EV 106.9 MPH)
|
|
Batting: RHB Nick Wicker
|
0-0: Ball 1-0: Called Strike 1-1: Ball 2-1: Foul Ball, location: 2F 2-2: Ball 3-2: Foul Ball, location: 2F 3-2: Ground out 3-1 (Groundball, 34, EV 100.0 MPH)
|
| Bottom of the 5th over - 0 runs, 1 hit, 0 errors, 1 left on base; Syracuse 4 - Indianapolis 1 |
| TOP OF THE 6TH |
|
Syracuse Chiefs batting - Pitching for Indianapolis Indians : RHP Antonio Alvarez
|
|
Batting: LHB Alexis Cantu
|
0-0: DOUBLE (Line Drive, 3D, EV 100.0 MPH)
|
|
Batting: LHB Kevin Kantor
|
0-0: Called Strike 0-1: Called Strike 0-2: Strikes out swinging
|
|
Batting: RHB Stephen Charbonneau
|
0-0: Ball 1-0: Ball 2-0: Foul Ball, location: 2F 2-1: Ball 3-1: Foul Ball, location: 2F 3-2: Foul Ball, location: 2F 3-2: Base on Balls
|
|
Batting: RHB Justin Davenport
|
0-0: Ball 1-0: Swinging Strike 1-1: Ball 2-1: Foul Ball, location: 2F 2-2: Strikes out looking
|
|
Pitching: RHP Doug Rawson
|
|
|
Batting: RHB Dusty Ballard
|
0-0: Ball 1-0: Ball 2-0: Swinging Strike 2-1: Ball 3-1: Called Strike 3-2: Ground out 6-3 (Groundball, 56D, EV 88.8 MPH)
|
| Top of the 6th over - 0 runs, 1 hit, 0 errors, 2 left on base; Syracuse 4 - Indianapolis 1 |
| BOTTOM OF THE 6TH |
|
Indianapolis Indians batting - Pitching for Syracuse Chiefs : RHP Travis Hardin
|
|
Batting: LHB Edwin Aguilar
|
0-0: Ball 1-0: Ball 2-0: Foul Ball, location: 2F 2-1: Called Strike 2-2: Fly out, F8 (Flyball, 89M, EV 85.6 MPH)
|
|
Batting: RHB Bubba Tierney
|
0-0: Ball 1-0: Ball 2-0: Foul Ball, location: 2F 2-1: Ball 3-1: Base on Balls
|
|
Batting: LHB Alberto Figueroa
|
0-0: Ball 1-0: Foul Ball, location: 2F 1-1: Ball 2-1: Foul Ball, location: 2F 2-2: Ball Bubba Tierney is caught stealing 2nd base 2-6 3-2: Base on Balls
|
|
Batting: RHB Alain Marquet
|
0-0: Called Strike Alberto Figueroa steals 2nd base 0-1: Ball 1-1: Ball 2-1: Ground out 6-3 (Groundball, P, EV 82.5 MPH)
|
| Bottom of the 6th over - 0 runs, 0 hits, 0 errors, 1 left on base; Syracuse 4 - Indianapolis 1 |
| TOP OF THE 7TH |
|
Syracuse Chiefs batting - Pitching for Indianapolis Indians : RHP Doug Rawson
|
|
Batting: RHB Hisayuki Akiyama
|
0-0: Called Strike 0-1: Swinging Strike 0-2: Ball 1-2: Ball 2-2: Foul Ball, location: 2F 2-2: Foul Ball, location: 2F 2-2: Foul Ball, location: 2F 2-2: SINGLE (Groundball, 4MD, EV 103.1 MPH)
|
|
Batting: LHB Tim Olsen
|
0-0: Called Strike 0-1: Ball 1-1: Ball 2-1: Swinging Strike 2-2: Strikes out swinging
|
|
Batting: LHB Jae-ik Soung
|
0-0: Called Strike 0-1: Foul Ball, location: 2F 0-2: Ball 1-2: Ball 2-2: Strikes out swinging
|
|
Batting: RHB Antonio Laurel
|
0-0: Ball Hisayuki Akiyama steals 2nd base 1-0: Ground out 6-3 (Groundball, 6, EV 103.8 MPH)
|
| Top of the 7th over - 0 runs, 1 hit, 0 errors, 1 left on base; Syracuse 4 - Indianapolis 1 |
| BOTTOM OF THE 7TH |
|
Indianapolis Indians batting - Pitching for Syracuse Chiefs : RHP Travis Hardin
|
|
Pitching: RHP Dan Landry
|
|
|
Batting: LHB Phil DeCamp
|
0-0: Ball 1-0: Ball 2-0: Foul Ball, location: 2F 2-1: DOUBLE (Line Drive, 7LS, EV 98.1 MPH)
|
|
Batting: RHB Chris Pozzi
|
0-0: Ball 1-0: SINGLE (Groundball, 4MD, EV 105.0 MPH) Phil DeCamp to third
|
|
Batting: LHB Jorge Quintana
|
0-0: Swinging Strike 0-1: Fly out, F9 (Flyball, 9LM, EV 83.8 MPH)
|
|
Batting: RHB Richard Barrios
|
0-0: Foul Ball, location: 2F 0-1: Ball 1-1: Ball 2-1: Called Strike 2-2: Foul Ball, location: 2F 2-2: Strikes out looking
|
|
Batting: RHB Nick Wicker
|
0-0: Swinging Strike 0-1: Swinging Strike 0-2: Ball 1-2: SINGLE (Groundball, 6MD, EV 101.2 MPH) Phil DeCamp scores Chris Pozzi to second
|
|
Batting: LHB Edwin Aguilar
|
0-0: Fly out, F8 (Flyball, 8LM, EV 84.4 MPH)
|
| Bottom of the 7th over - 1 run, 3 hits, 0 errors, 2 left on base; Syracuse 4 - Indianapolis 2 |
| TOP OF THE 8TH |
|
Syracuse Chiefs batting - Pitching for Indianapolis Indians : RHP Doug Rawson
|
|
Pitching: RHP Hugo Rodriguez
|
|
|
Batting: LHB Alexis Cantu
|
0-0: Ball 1-0: Ball 2-0: Called Strike 2-1: Ball 3-1: Base on Balls
|
|
Batting: LHB Kevin Kantor
|
0-0: Ball 1-0: Sac Bunt to 5S - play at first, batter safe! Alexis Cantu to second
|
|
Batting: RHB Stephen Charbonneau
|
0-0: Reached on error, E2 (Groundball, 2L, EV 43.8 MPH) Alexis Cantu scores Kevin Kantor to third
|
|
Batting: RHB Justin Davenport
|
0-0: Ball 1-0: Called Strike 1-1: Foul Ball, location: 2F 1-2: Strikes out looking
|
|
Batting: RHB Dusty Ballard
|
0-0: Ball 1-0: Called Strike 1-1: Ball 2-1: Foul Ball, location: 2F 2-2: Hit by Pitch
|
|
Batting: RHB Hisayuki Akiyama
|
0-0: Ball 1-0: Grounds into fielders choice 6-2 (Groundball, 6S, EV 91.2 MPH) Stephen Charbonneau to third Dusty Ballard to second
|
|
Batting: LHB Tim Olsen
|
0-0: Ball 1-0: Ball 2-0: Ball 3-0: Base on Balls Stephen Charbonneau scores Dusty Ballard to third Hisayuki Akiyama to second
|
|
Batting: LHB Jae-ik Soung
|
0-0: Fielders Choice at 2nd, 5-4 (Groundball, 56, EV 86.2 MPH)
|
| Top of the 8th over - 2 runs, 1 hit, 1 error, 3 left on base; Syracuse 6 - Indianapolis 2 |
| BOTTOM OF THE 8TH |
|
Indianapolis Indians batting - Pitching for Syracuse Chiefs : RHP Dan Landry
|
|
Pitching: RHP Chris Lawrence
|
|
|
Batting: RHB Bubba Tierney
|
0-0: Ball 1-0: Fly out, F3 (Popup, 23F, EV 85.0 MPH)
|
|
Batting: LHB Alberto Figueroa
|
0-0: Ball 1-0: Swinging Strike 1-1: Ball 2-1: Called Strike 2-2: Strikes out looking
|
|
Batting: RHB Alain Marquet
|
0-0: Called Strike 0-1: Swinging Strike 0-2: Ball 1-2: Ball 2-2: SINGLE (Flyball, 34D, EV 88.1 MPH)
|
|
Batting: LHB Phil DeCamp
|
0-0: Ball 1-0: Ball 2-0: Called Strike 2-1: Ball 3-1: Foul Ball, location: 2F 3-2: Foul Ball, location: 2F 3-2: Foul Ball, location: 2F 3-2: Strikes out swinging
|
| Bottom of the 8th over - 0 runs, 1 hit, 0 errors, 1 left on base; Syracuse 6 - Indianapolis 2 |
| TOP OF THE 9TH |
|
Syracuse Chiefs batting - Pitching for Indianapolis Indians : RHP Hugo Rodriguez
|
|
Pitching: RHP Robby Poyfair
|
|
|
Batting: RHB Antonio Laurel
|
0-0: Swinging Strike 0-1: Swinging Strike 0-2: Ball 1-2: Strikes out swinging
|
|
Batting: LHB Alexis Cantu
|
0-0: Ground out 2-3 (Groundball, 2L, EV 75.0 MPH)
|
|
Batting: LHB Kevin Kantor
|
0-0: Ball 1-0: Foul Ball, location: 2F 1-1: Ball 2-1: Fly out, F8 (Flyball, 8LXD, EV 109.4 MPH)
|
| Top of the 9th over - 0 runs, 0 hits, 0 errors, 0 left on base; Syracuse 6 - Indianapolis 2 |
| BOTTOM OF THE 9TH |
|
Indianapolis Indians batting - Pitching for Syracuse Chiefs : RHP Chris Lawrence
|
|
Pitching: RHP Stacey Kerssies
|
|
|
Batting: RHB Chris Pozzi
|
0-0: Called Strike 0-1: Fly out, F9 (Flyball, 9LSF, EV 93.1 MPH)
|
|
Batting: LHB Jorge Quintana
|
0-0: Fly out, F8 (Flyball, 8RD, EV 103.1 MPH)
|
|
Batting: RHB Richard Barrios
|
0-0: Called Strike 0-1: Foul Ball, location: 2F 0-2: Strikes out swinging
|
| Bottom of the 9th over - 0 runs, 0 hits, 0 errors, 0 left on base; Syracuse 6 - Indianapolis 2 |
|